 Dungeon Crawl Stone Soup version 0.27-a0-1065-ge809cff456 (webtiles) character file.

Game seed: 7804942058902216350

127544 robertstho the Eclecticist (level 17, -3/118 HPs)
             Began as a Djinni Fire Elementalist on Apr 23, 2021.
             Was a High Priest of Ashenzari.
             Killed by an exploding bloated husk (33 damage)
             ... on level 4 of the Swamp.
             The game lasted 01:18:41 (21033 turns).

robertstho the Eclecticist (DjFE)                  Turns: 21033, Time: 01:18:42

Health: -3/118     AC: 13    Str:  7    XL:     17   Next: 1%
Gold:   2048       EV: 24    Int: 27    God:    Ashenzari [*****.] SH:  0 Dex: 20

rFire    + + .     SeeInvis +   o - +1 eveningstar "Astrological Cynicism" {drain, Melee, Fort} (curse)
rCold    . . .     Faith    .   (no shield)
rNeg     . . .     Spirit   .   A - +2 robe "Tethered Suspicion" {rC+, Self, Range} (curse)
rPois    ∞         Reflect  .   H - +1 helmet "Share My Fetters" {Int+3, Self, Fort} (curse)
rElec    .         Harm     .   v - +2 cloak of Curses and Power {Range, Fort} (curse)
rCorr    .         Rampage  .   (no gloves)
Will     +....     Clarity  +   (boots unavailable)
Stlth    ++++++....             d - amulet of Ashenzari's Foul Odors {Regen+, Evo, Cun} (curse)
HPRegen  1.29/turn              b - ring "All-seeing Awkwardness" {AC+4, Cun, Melee} (curse)
MPRegen  0.00/turn              x - ring "Tethered Together" {Dex+6, Cun, Self} (curse)

@: radiating poison, flying, studying Maces & Flails
A: fire resistance 2, cold vulnerability 1, float, innate caster, hp casting,
extra vitality 1
a: Renounce Religion, Curse Item, Shatter the Chains


You were on level 4 of the Swamp.
You worshipped Ashenzari.
Ashenzari was extremely pleased with you.
You visited 4 branches of the dungeon, and saw 27 of its levels.
You also visited: Ice Cave.

You collected 2462 gold pieces.
You spent 414 gold pieces at shops.

Inventory:

Hand Weapons
 o - the cursed +1 eveningstar "Astrological Cynicism" (weapon) {drain, Melee, Fort}
   (You acquired it on level 3 of the Dungeon)

   A truly terrible weapon, it drains the life of those it strikes.
   It has a curse which improves the following skills: Melee Combat: Short
   Blades, Long Blades, Axes, Maces & Flails, Polearms, Staves and Unarmed
   Combat.
   Fortitude: Armour and Shields.
 N - the +8 mace "Kiffiugo" {drain, Drain rPois Str+8 Dex-2}
   (You found it on level 9 of the Dungeon)

   A truly terrible weapon, it drains the life of those it strikes.
   It affects your strength (+8).
   It affects your dexterity (-2).
   It protects you from poison.
   It drains your maximum health when unequipped.
Missiles
 f - 10 throwing nets
 G - 2 boomerangs of dispersal
 P - 8 atropa-tipped darts
Armour
 v - the cursed +2 cloak of Curses and Power (worn) {Range, Fort}
   (You found it on level 4 of the Dungeon)

   It has a curse which improves the following skills: Ranged Combat: Slings,
   Bows, Crossbows and Throwing.
   Fortitude: Armour and Shields.
 A - the cursed +2 robe "Tethered Suspicion" (worn) {rC+, Self, Range}
   (You took it off Josephine on level 6 of the Lair of Beasts)

   It has a curse which improves the following skills: Introspection: Fighting
   and Spellcasting.
   Ranged Combat: Slings, Bows, Crossbows and Throwing.
 H - the cursed +1 helmet "Share My Fetters" (worn) {Int+3, Self, Fort}
   (You acquired it on level 8 of the Dungeon)

   It has a curse which improves the following skills: Introspection: Fighting
   and Spellcasting.
   Fortitude: Armour and Shields.
Magical Staves
 j - a staff of air
Jewellery
 a - a +4 ring of evasion
 b - the cursed ring "All-seeing Awkwardness" (left hand) {AC+4, Cun, Melee}
   (You found it on level 5 of the Dungeon)

   [ring of protection]

   It affects your AC (+4).
   It has a curse which improves the following skills: Cunning: Dodging and
   Stealth.
   Melee Combat: Short Blades, Long Blades, Axes, Maces & Flails, Polearms,
   Staves and Unarmed Combat.
 d - the cursed amulet of Ashenzari's Foul Odors (around neck) {Regen+, Evo, Cun}
   (You found it on level 1 of the Dungeon)

   [amulet of regeneration]

   It increases your rate of health regeneration.
   It has a curse which improves the following skills: Evocations: Evocations.
   Cunning:   Dodging and Stealth.
 e - a ring of ice
 h - a ring of resist corrosion
 t - a +6 ring of strength
 x - the cursed ring "Tethered Together" (right hand) {Dex+6, Cun, Self}
   (You found it on level 5 of the Dungeon)

   [ring of dexterity]

   It affects your dexterity (+6).
   It has a curse which improves the following skills: Cunning: Dodging and
   Stealth.
   Introspection: Fighting and Spellcasting.
 z - the amulet of the Slug {Spirit rCorr Str+3}
   (You found it on level 6 of the Lair of Beasts)

   [amulet of guardian spirit]

   It causes incoming damage to be divided between your reserves of health and
   magic.
   It affects your strength (+3).
   It protects you from acid and corrosion.
 M - an amulet of reflection
Wands
 F - a wand of iceblast (35)
 I - a wand of acid (36)
 J - a wand of mindburst (37)
Scrolls
 c - 3 scrolls of enchant armour
 g - 9 scrolls of teleportation
 i - 6 scrolls of enchant weapon
 l - a scroll of brand weapon
 s - 4 scrolls of blinking
 u - 4 scrolls of fear
 w - a scroll of silence
 y - 2 scrolls of holy word
 B - 4 scrolls of immolation
 E - 4 scrolls of magic mapping
 K - 2 scrolls of fog
 R - 2 scrolls of summoning
Potions
 k - 7 potions of haste
 m - 2 potions of brilliance
 n - 4 potions of attraction
 p - 2 potions of heal wounds
 q - 9 potions of cancellation
 r - 17 potions of curing
 C - 2 potions of invisibility
 D - 3 potions of ambrosia
 L - 3 potions of might
 O - a potion of resistance


   Skills:
 * Level 4.9(9.9) Fighting
 + Level 0.4(1.9) Short Blades
 + Level 7.5(11.5) Maces & Flails
 * Level 11.2(16.1) Dodging
 * Level 9.6(14.5) Stealth
 * Level 19.8(23.9) Spellcasting


You had 15 spell levels left.
You knew the following spells:

 Your Spells              Type           Power      Damage    Failure   Level
a - Foxfire               Conj/Fire      100%       2x1d9     0%          1
b - Conjure Flame         Conj/Fire      100%       6-21      0%          3
c - Inner Flame           Hex/Fire       100%       N/A       0%          3
d - Sticky Flame          Conj/Fire      100%       2d11      0%          4
e - Fireball              Conj/Fire      52%        3d20      0%          5
f - Freeze                Ice            100%       1d11      0%          1
g - Ensorcelled Hibernat  Hex/Ice        100%       N/A       0%          2
h - Stone Arrow           Conj/Erth      100%       3d13      0%          3
i - Olgreb's Toxic Radia  Pois           100%       N/A       0%          4
j - Summon Mana Viper     Hex/Summ       100%       N/A       0%          5
k - Hydra Form            Tmut           52%        N/A       0%          5
l - Iron Shot             Conj/Erth      52%        9d10      0%          6
m - Blade Hands           Tmut           52%        N/A       0%          6
Your spell library was empty.

Dungeon Overview and Level Annotations

Branches:
Dungeon (15/15)            Temple (0/1) D:7            Lair (6/6) D:10
  Swamp (4/4) Lair:3        Snake (0/4) Lair:2        Slime (0/5) Lair:6
    Orc (2/2) D:12            Elf (0/3) Orc:2        Depths (0/5) D:15
  IceCv (visited)
 Vaults: D:13-14

Altars:
Ashenzari
Fedhas
Hepliaklqana
Makhleb
Qazlal
Ru
Vehumet
Wu Jian
Zin

Shops:
D:7 *   Orc:2 (!(:

Portals:
Abyss: D:7

Annotations:
D:3 1 runed translucent door, flotson's ghost, weakling GnDe
D:7 2 transporters, Zeld's ghost, novice HOFi


Innate Abilities, Weirdness & Mutations

You are immune to poison.
Your flesh is very heat resistant. (rF++)
You are vulnerable to cold. (rC-)
You float through the air rather than walking.
You learn spells naturally, not from books.
Your magical power is your life essence.
You have superior vitality. (+4 HP)


Message History

The tree smoulders and burns.
The fenstrider witch shouts!
The fenstrider witch points at you and mumbles some strange words.
You suddenly lose the ability to move!
The eleionoma melds with the trees.
A tyrant leech comes into view.
A bloated husk comes into view.
The eleionoma hits you.
A bog body comes into view.
The fenstrider witch points at you and mumbles some strange words.
You resist with some effort.
A tyrant leech comes into view.
The eleionoma hits you!
The fenstrider witch points at you and mumbles some strange words.
You shrug off the repeated paralysis!
The swamp worm fires a harpoon shot at you.
The harpoon shot hits you!
You are yanked forward by the harpoon shot.
The eleionoma hits you.
The fenstrider witch points at you and mumbles some strange words.
You resist with some effort.
A tyrant leech comes into view.
The swamp worm bites you! The eleionoma hits you.
You can move again.
Unknown command.
Casting: Fireball (safe; 0% risk of failure)
Confirm with . or Enter, or press ? or * to list all spells.
You begin to radiate toxic energy.
The tyrant leech is poisoned. x2
The eleionoma is poisoned.
The tyrant leech is poisoned.
The swamp worm is poisoned.
The tyrant leech looks even sicker. x2
The fenstrider witch hits you. The fenstrider witch kicks you!
The swamp worm misses you.
The fenstrider witch gestures at you while chanting.
Your body is wracked with pain!
* * * LOW HITPOINT WARNING * * *
The eleionoma hits you but does no damage.
The eleionoma looks even sicker.
The tyrant leech looks even sicker.
The swamp worm looks even sicker.
The bloated husk explodes!
The blast of putrescent gases engulfs you!!
You die...

*, ≈, ≈, * *
♣≈.≈≈≈≈......≈≈
* ,
*.≈≈≈≈≈.≈≈.≈..
, *
≈.≈≈≈≈.≈≈≈≈≈≈
,,
**♣.≈≈≈.≈...≈≈
≈* ≈
♣♣≈.≈≈.♣..w≈≈≈
, ♣.≈≈≈≈.ww≈...
, ♣.≈≈≈≈..n.♣ ,
, ♣≈.≈@wH.≈♣ ,
, ♣♣..R§..≈♣ *≈
≈≈ ♣♣.^.☼.≈♣ *
,≈ , ♣♣♣♣♣♣♣♣♣
* ***


You could see an eleionoma (very poisoned), a fenstrider witch, 3 tyrant
leeches, a bog body and a swamp worm (very poisoned).

Vanquished Creatures
  A thorn hunter (Swamp:3)
  An orc warlord (Orc:2)
  A stone giant (Orc:2)
  A bunyip (Swamp:2)
  2 eleionomae (Swamp:1)
  The ghost of math4jedi the Spear-Bearer, a journeyman MiBe of Trog (D:11)
  Erolcha (D:9)
  A boulder beetle (D:14)
  Harold (Lair:2)
  An ogre mage (Orc:2)
  13 hydras
  3 centaur warriors
  A catoblepas (Lair:6)
  10 two-headed ogres
  3 death yaks (D:10)
  9 alligators
  Urug (Lair:2)
  Nergalle (Lair:2)
  3 goliath frogs
  A skeletal warrior (D:15)
  2 bog bodies
  A deep troll (Orc:2)
  A death drake (Swamp:3)
  A spriggan druid (Swamp:1)
  A lindwurm (Lair:5)
  3 swamp dragons
  3 deep elf pyromancers
  7 cyclopes
  3 ugly things (D:11)
  2 orc sorcerers
  2 manticores
  9 elephants
  A torpor snail (Lair:3)
  5 black mambas
  2 gargoyles (D:10)
  8 cane toads
  2 unseen horrors
  4 rime drakes
  4 komodo dragons
  2 freezing wraiths
  3 bloated husks
  A meliai (shapeshifter) (D:11)
  4 polar bears
  5 hornets
  6 trolls
  6 tyrant leeches
  9 dream sheep
  20 blink frogs
  A meliai zombie (D:15)
  2 slime creatures (D:14)
  A shadow (D:10)
  5 spriggans
  2 wraiths (D:9)
  67 yaks
  5 wyverns
  29 vampire mosquitoes
  A redback simulacrum (D:15)
  A neqoxec (D:11)
  3 nagas (Lair:2)
  11 swamp worms
  8 water moccasins
  Duvessa (D:5)
  12 orc warriors
  A swamp drake (Swamp:1)
  2 sky beasts (D:7)
  An ice beast (D:6)
  17 ogres
  14 wolves
  4 centaurs
  A centaur (shapeshifter) (D:11)
  2 phantoms
  3 kobold brigands (D:12)
  14 bullfrogs
  A scorpion (D:4)
  A water moccasin zombie (D:7)
  Dowan (D:5)
  A water moccasin skeleton (D:6)
  5 wights (D:8)
  2 howler monkeys
  An electric eel (Lair:5)
  A lava snake (D:11)
  2 centaur skeletons
  5 centaur zombies
  A hound (D:5)
  A gnoll shaman (D:6)
  8 orc priests
  A bullfrog skeleton (D:5)
  2 jellies
  Ijyb (D:4)
  5 hell rats (Lair:4)
  An iguana (D:6)
  18 orc wizards
  2 hound skeletons (D:4)
  A howler monkey zombie (D:9)
  A howler monkey skeleton (D:5)
  14 gnolls
  5 adders
  A shadow imp (D:7)
  An ufetubus (D:7)
  4 worms
  6 dart slugs
  58 orcs
  6 endoplasms
  A giant cockroach (D:1)
  6 goblins
  6 hobgoblins
  5 jackals
  3 quokkas
  5 ball pythons
  11 bats
  A frilled lizard (D:1)
  10 kobolds
  8 rats
594 creatures vanquished.

Vanquished Creatures (collateral kills)
  Rupert (D:14)
  A thorn hunter (Swamp:3)
  Roxanne (Swamp:3)
  Snorg (Orc:1)
  An eleionoma (Swamp:3)
  Josephine (Lair:6)
  7 hydras
  A boulder beetle (D:12)
  An ogre mage (Orc:2)
  3 catoblepae
  2 ghost crabs
  2 centaur warriors
  5 two-headed ogres
  2 dancing weapons (D:13)
  A death knight (D:15)
  4 death yaks (Lair:6)
  A spriggan druid (Swamp:1)
  A deep troll (Orc:2)
  A goliath frog (Swamp:3)
  7 skeletal warriors
  A bog body (Swamp:3)
  2 deep elf pyromancers
  A necromancer (D:15)
  3 ugly things (D:11)
  A will-o-the-wisp (Swamp:3)
  An orc sorcerer (D:15)
  A shining eye (shapeshifter) (D:11)
  2 manticores (Lair:6)
  6 elephants
  A black mamba (Lair:6)
  A gargoyle (D:11)
  A molten gargoyle (D:11)
  A cane toad (Lair:6)
  A centaur skeleton (D:15)
  2 polar bears
  4 trolls
  A meliai (shapeshifter) (D:11)
  3 blink frogs (Lair:6)
  8 slime creatures
  6 dream sheep
  A spriggan (Swamp:1)
  A centaur simulacrum (D:15)
  3 wraiths (Lair:6)
  11 yaks (Lair:6)
  3 basilisks
  A shadow (D:12)
  A golden eye (shapeshifter) (D:11)
  A neqoxec (D:11)
  2 vampire mosquitoes
  3 wargs
  3 swamp worms
  4 water moccasins
  5 orc warriors (Orc:2)
  5 ogres (Orc:2)
  3 wolves (Lair:4)
  2 centaurs (D:13)
  A bullfrog (Lair:5)
  3 lava snakes (D:11)
  An orc wizard (D:11)
  4 orcs
149 creatures vanquished.

Vanquished Creatures (others)
  An ogre mage (D:15)
  A centaur skeleton (D:15)
  3 bloated husks
  A hornet (Swamp:1)
  A spriggan (Swamp:1)
  A briar patch (Swamp:3)
  429 foxfires
  26 fungi
  44 plants
507 creatures vanquished.

Grand Total: 1250 creatures vanquished

Notes
Turn   | Place    | Note
-------+----------+-------------------------------------------
     0 | D:1      | robertstho the Djinni Fire Elementalist began the quest for
                  | the Orb.
     0 | D:1      | Reached XP level 1. HP: 15/15 MP: 0/0
   408 | D:1      | Reached skill level 3 in Spellcasting
   410 | D:1      | Reached XP level 2. HP: 17/21 MP: 0/0
   891 | D:1      | Reached XP level 3. HP: 25/25 MP: 0/0
   891 | D:1      | Learned a level 1 spell: Freeze
  1211 | D:2      | Noticed a phantom
  1227 | D:2      | Killed a phantom
  1228 | D:2      | Reached skill level 4 in Spellcasting
  1228 | D:2      | Reached XP level 4. HP: 3/31 MP: 0/0
  1228 | D:2      | Reached XP level 5. HP: 4/35 MP: 0/0
  1228 | D:2      | Learned a level 2 spell: Ensorcelled Hibernation
  1516 | D:2      | Found a faded altar of an unknown god.
  1870 | D:2      | Noticed an ogre
  1883 | D:2      | Killed an ogre
  1884 | D:2      | Reached skill level 1 in Fighting
  1884 | D:2      | Reached XP level 6. HP: 18/42 MP: 0/0
  2220 | D:3      | Found a runed translucent door.
  2221 | D:3      | Noticed flotson's ghost (weakling GnDe)
  2224 | D:3      | Found a broken altar of Ashenzari.
  2288 | D:3      | Became a worshipper of Ashenzari the Shackled
  2288 | D:3      | Identified a scroll of acquirement
  2295 | D:3      | Acquired a +1 eveningstar of draining
  2302 | D:3      | Reached skill level 5 in Spellcasting
  2720 | D:4      | Noticed Ijyb
  2908 | D:4      | Reached XP level 7. HP: 47/47 MP: 0/0
  2908 | D:4      | Learned a level 3 spell: Stone Arrow
  3005 | D:4      | Found a sacrificial altar of Ru.
  3116 | D:4      | Reached * piety under Ashenzari
  3282 | D:4      | Reached skill level 6 in Spellcasting
  3479 | D:4      | Killed Ijyb
  3583 | D:5      | Entered Level 5 of the Dungeon
  3747 | D:5      | Reached skill level 1 in Maces & Flails
  3772 | D:5      | Reached XP level 8. HP: 51/54 MP: 0/0
  3856 | D:5      | Reached ** piety under Ashenzari
  4001 | D:5      | Noticed Dowan
  4003 | D:5      | Killed Dowan
  4004 | D:5      | Noticed Duvessa
  4008 | D:5      | Killed Duvessa
  4033 | D:5      | Found a burning altar of Makhleb.
  4035 | D:5      | Found a blossoming altar of Fedhas.
  4390 | D:6      | Reached skill level 7 in Spellcasting
  4466 | D:6      | Reached *** piety under Ashenzari
  4799 | D:6      | Identified the +1 spear "Pomuari" {flame, rPois rF- Str+5
                  | Dex+4}
  4979 | D:6      | Reached skill level 8 in Spellcasting
  4979 | D:6      | Reached XP level 9. HP: 58/59 MP: 0/0
  4979 | D:6      | Learned a level 4 spell: Olgreb's Toxic Radiance
  5282 | D:7      | Reached skill level 5 in Dodging
  5671 | D:7      | Found a staircase to the Ecumenical Temple.
  5705 | D:7      | Found Yfaing's Assorted Antiques.
  5713 | D:7      | Bought a brown potion for 30 gold pieces
  5713 | D:7      | Bought a scroll labelled KIUMIJ LAISEEH for 34 gold pieces
  5713 | D:7      | Bought a blackened iron wand for 136 gold pieces
  5713 | D:7      | Bought a runed bronze wand for 136 gold pieces
  5745 | D:7      | Reached **** piety under Ashenzari
  5746 | D:7      | Noticed a brown ugly thing
  5753 | D:7      | Found a transporter.
  5754 | D:7      | Found a transporter.
  5754 | D:7      | Noticed a purple ugly thing
  5775 | D:7      | Found a one-way gate to the infinite horrors of the Abyss.
  5815 | D:7      | Noticed Zeld's ghost (novice HOFi)
  6173 | D:8      | Reached skill level 9 in Spellcasting
  6309 | D:8      | Reached XP level 10. HP: 41/69 MP: 0/0
  6431 | D:8      | Reached skill level 10 in Spellcasting
  6498 | D:8      | Acquired a +0 helmet of intelligence
  6505 | D:8      | Reached ***** piety under Ashenzari
  7228 | D:9      | Noticed Erolcha
  7233 | D:9      | Killed Erolcha
  7249 | D:9      | Identified the +8 mace "Kiffiugo" {drain, Drain rPois Str+8
                  | Dex-2}
  7336 | D:9      | Reached skill level 11 in Spellcasting
  7479 | D:9      | Found an ornate altar of the Wu Jian Council.
  7623 | D:10     | Entered Level 10 of the Dungeon
  7665 | D:10     | Noticed a gargoyle
  7669 | D:10     | Killed a gargoyle
  7696 | D:10     | Noticed a gargoyle
  7704 | D:10     | Found a hazy altar of Hepliaklqana.
  7800 | D:10     | Noticed a death yak
  7803 | D:10     | Noticed a death yak
  7808 | D:10     | Noticed a death yak
  7811 | D:10     | Killed a death yak
  7812 | D:10     | Reached skill level 5 in Stealth
  7812 | D:10     | Reached XP level 11. HP: 70/76 MP: 0/0
  7812 | D:10     | Learned a level 5 spell: Summon Mana Viper
  7816 | D:10     | Killed a death yak
  7851 | D:10     | Killed a death yak
  7852 | D:10     | Reached skill level 12 in Spellcasting
  7854 | D:10     | Found a staircase to the Lair.
  8209 | D:10     | Found a faded altar of an unknown god.
  8588 | D:11     | Noticed a skeletal warrior
  8593 | D:11     | Noticed a skeletal warrior
  8596 | D:11     | Noticed a skeletal warrior
  8778 | D:11     | Found a stormy altar of Qazlal.
  8931 | D:11     | Noticed a deep elf pyromancer
  8936 | D:11     | Killed a deep elf pyromancer
  8948 | D:11     | Found a runed translucent gate.
  8949 | D:11     | Found a runed translucent gate.
  8949 | D:11     | Found a runed translucent gate.
  8949 | D:11     | Noticed a white ugly thing
  8949 | D:11     | Noticed a purple ugly thing
  8949 | D:11     | Noticed a white ugly thing
  8949 | D:11     | Noticed a red ugly thing
  8949 | D:11     | Noticed a cyan ugly thing
  9048 | D:11     | Killed a skeletal warrior
  9055 | D:11     | Killed a skeletal warrior
  9056 | D:11     | Reached skill level 13 in Spellcasting
  9085 | D:11     | Killed a skeletal warrior
  9154 | D:11     | Reached XP level 12. HP: 83/83 MP: 0/0
  9530 | D:11     | Found a runed translucent gate.
  9530 | D:11     | Found a runed translucent gate.
  9535 | D:11     | Noticed a two-headed ogre
  9535 | D:11     | Noticed math4jedi's ghost (journeyman MiBe)
  9535 | D:11     | a two-headed ogre changed into a lindwurm
  9537 | D:11     | Found a runed translucent gate.
  9545 | D:11     | Noticed a shock serpent
  9545 | D:11     | a dream sheep changed into a shock serpent
  9546 | D:11     | a shock serpent changed into a cyclops
  9567 | D:11     | Killed math4jedi's ghost
  9667 | Lair:1   | Entered Level 1 of the Lair of Beasts
  9844 | Lair:1   | Reached skill level 14 in Spellcasting
 10158 | Lair:1   | Noticed an eight-headed hydra
 10160 | Lair:1   | Killed an eight-headed hydra
 10426 | Lair:2   | Reached XP level 13. HP: 61/87 MP: 0/0
 10426 | Lair:2   | Learned a level 5 spell: Hydra Form
 10551 | Lair:2   | Found a staircase to the Snake Pit.
 10666 | Lair:2   | Noticed Harold
 10672 | Lair:2   | Killed Harold
 10686 | Lair:2   | Noticed Nergalle
 10686 | Lair:2   | Noticed Urug
 10692 | Lair:2   | Reached skill level 15 in Spellcasting
 10696 | Lair:2   | Killed Nergalle
 10698 | Lair:2   | Killed Urug
 10857 | Lair:2   | Acquired a manual of Maces & Flails
 11258 | Lair:3   | Found a staircase to the Swamp.
 11709 | Lair:3   | Reached skill level 5 in Maces & Flails
 12309 | Lair:4   | Reached skill level 16 in Spellcasting
 12411 | Lair:4   | Reached XP level 14. HP: 91/94 MP: 0/0
 13698 | Lair:6   | Entered Level 6 of the Lair of Beasts
 14008 | Lair:6   | Identified the amulet of the Slug {Spirit rCorr Str+3}
 14077 | Lair:6   | Noticed Josephine
 14084 | Lair:6   | Killed Josephine
 14178 | Lair:6   | Found a staircase to the Slime Pits.
 14409 | Lair:6   | Reached skill level 17 in Spellcasting
 14702 | Lair:6   | Reached skill level 10 in Dodging
 15019 | D:12     | Found a staircase to the Orcish Mines.
 15280 | D:12     | Reached XP level 15. HP: 86/101 MP: 0/0
 15280 | D:12     | Learned a level 6 spell: Iron Shot
 16180 | Orc:1    | Entered Level 1 of the Orcish Mines
 16181 | Orc:1    | Noticed Snorg
 16190 | Orc:1    | Killed Snorg
 16353 | Orc:2    | Entered Level 2 of the Orcish Mines
 16358 | Orc:2    | Noticed an orc warlord
 16373 | Orc:2    | Killed an orc warlord
 16399 | Orc:2    | Found a staircase to the Elven Halls.
 16404 | Orc:2    | Found Nuygeb's Book Emporium.
 16755 | Orc:2    | Reached skill level 18 in Spellcasting
 16870 | Orc:2    | Found Satryv's Distillery.
 16905 | Orc:2    | Found Axunt's Antique Armour Shop.
 16911 | Orc:2    | Found Kiteshreo's Antique Weapon Emporium.
 16925 | Orc:2    | Found Soakk's Weapon Boutique.
 16972 | Orc:2    | Bought a potion of curing for 39 gold pieces
 16972 | Orc:2    | Bought a potion of curing for 39 gold pieces
 17525 | D:14     | Found a frozen archway.
 17537 | IceCv    | Entered an ice cave
 17754 | D:14     | Identified the Almanac of Captivating Envenoming
 17817 | D:14     | Noticed Rupert
 17827 | D:14     | Killed Rupert
 17960 | D:15     | Entered Level 15 of the Dungeon
 18105 | D:15     | Found a staircase to the Depths.
 18127 | D:15     | Paralysed by an orc sorcerer for 3 turns
 18129 | D:15     | Reached XP level 16. HP: 69/107 MP: 0/0
 18437 | D:15     | Paralysed by an ogre mage for 2 turns
 19006 | Swamp:1  | Entered Level 1 of the Swamp
 19016 | Swamp:1  | Reached skill level 19 in Spellcasting
 20403 | Swamp:3  | Found a glowing silver altar of Zin.
 20440 | Swamp:3  | Noticed a thorn hunter
 20445 | Swamp:3  | Killed a thorn hunter
 20539 | Swamp:3  | Noticed Roxanne
 20549 | Swamp:3  | Killed Roxanne
 20652 | Swamp:3  | Noticed a thorn hunter
 20672 | Swamp:3  | Killed a thorn hunter
 20951 | Swamp:3  | Reached XP level 17. HP: 102/118 MP: 0/0
 20951 | Swamp:3  | Learned a level 6 spell: Blade Hands
 21025 | Swamp:4  | Entered Level 4 of the Swamp
 21026 | Swamp:4  | Paralysed by a fenstrider witch for 6 turns
 21033 | Swamp:4  | Killed by an exploding bloated husk

Illustrated notes

Levels and vault maps discovered:
D:1:      grunt_arrival_lava_bath, layout_rooms, serial_aquarium,
          aquarium_bridge_straight [aquarium_subvault_bridge,
          aquarium_subvault_window, aquarium_subvault_bridge,
          aquarium_subvault_window], aquarium_bridge_straight
          [aquarium_subvault_bridge, aquarium_subvault_balcony,
          aquarium_subvault_bridge, aquarium_subvault_wall],
          aquarium_window_fake, aquarium_window_1, aquarium_window_3,
          aquarium_window_2, aquarium_view_2e
D:2:      minmay_recursive_quarters, layout_loops_ring, basic_ecumenical_altar,
          chequers_mini_garden
D:3:      layout_rooms, ashenzari_altar_1, ebering_ghost_reflecting_pool
D:4:      layout_gridville, overflow_temple_1_default,
          kennysheep_generic_room_12, uniq_ijyb
D:5:      layout_loops_ring, gammafunk_temple_overflow_claw,
          minmay_fractal_squares_5, uniq_duvessa
D:6:      layout_cave_pods, minmay_misc_feat_plants
D:7:      nicolae_whirlpool, layout_basic, temple_statues, serial_shops, shop,
          gammafunk_ghost_abyssal_escape
D:8:      layout_basic
D:9:      layout_long_grid, pdpol_wu_jian_five_deadly_venoms, minivault_27,
          uniq_erolcha
D:10:     layout_stronghold, beargit_hepliaklqana_dungeon_heroes,
          dpeg_lair_monsters
D:11:     erik_rubicon_a, layout_small_grid,
          ploomutoo_gammafunk_ghost_potion_laboratory, grunt_qazlal_clouds
D:12:     layout_loops_cross, david_orc_3, hangedman_ranch
D:13:     layout_basic, erik_vaults_1, serial_shops, shop
D:14:     layout_cave_pools, portal_ice_cave_rime, uniq_rupert
D:15:     grunt_enter_depths_magical_seal, layout_gridville,
          chequers_serial_rivers_small_a
Lair:1:   layout_regular_city
Lair:2:   layout_layer_cave, minmay_snake_entry_guardpost_small, uniq_nergalle,
          uniq_harold, uniq_urug
Lair:3:   layout_regular_city, minmay_swamp_entry_swarm, st_stairs_10,
          infiniplex_staircase_pool_2, grunt_megastairs_1
Lair:4:   layout_cellular_growth, lemuel_fruit_fields
Lair:5:   layout_cave_pods, grunt_megastairs_5, serial_bayou_shore_a
Lair:6:   evilmike_catoblepas_cave, layout_cave_pods, dpeg_slime_entry_corner,
          st_stairs_13, infiniplex_staircase_pool, uniq_josephine
Swamp:1:  layout_falls_marsh, nicolae_swamp_well_well_well, swamp_pool2,
          nicolae_swamp_feature_on_the_river_bank
Swamp:2:  layout_basic_swamp, evilmike_swamp_ruin_house_4
Swamp:3:  layout_basic_swamp, lemuel_altar_in_water, swamp_pool1, uniq_roxanne
Swamp:4:  swamp, layout_basic_swamp
Orc:1:    layout_caves, uniq_snorg
Orc:2:    st_orc_open, layout_diamond_mine, serial_shops, nicolae_shop_crystal

Skill      XL: |  1  2  3  4  5  6  7  8  9 10 11 12 13 14 15 16 |
---------------+-------------------------------------------------+-----
Spellcasting   | 3 4 5 6 8 9 11 13 14 16 17 18 19 | 19.8
Stealth        | 2 3 4 5 6 7 8 9 |  9.6
Dodging        | 3 4 5 6 7 8 9 10 11 | 11.2
Fighting       | 1 2 3 4 |  4.9
Maces & Flails | 1 2 3 4 5 6 7 |  7.5
Short Blades   | |  0.4

Action                   |  1- 3 |  4- 6 |  7- 9 | 10-12 | 13-15 | 16-18 || total
-------------------------+-------+-------+-------+-------+-------+-------++-------
Melee: Whip              |     2 |       |       |       |       |       ||     2
       Hand axe          |     2 |       |       |       |       |       ||     2
       Dagger            |       |    10 |       |       |       |       ||    10
       Eveningstar       |       |    15 |    20 |    16 |   162 |    11 ||   224
       Punch             |       |       |       |       |     1 |       ||     1
 Cast: Foxfire           |    55 |   102 |    93 |    12 |       |       ||   262
       Sticky Flame      |       |     3 |    18 |     8 |    27 |    10 ||    66
       Fireball          |       |       |    57 |   122 |   121 |    72 ||   372
       Olgreb's Toxic Ra |       |       |       |    31 |   128 |    40 ||   199
       Summon Mana Viper |       |       |       |    20 |   132 |    63 ||   215
       Stone Arrow       |       |       |       |     3 |       |       ||     3
       Ensorcelled Hiber |       |       |       |       |    13 |     1 ||    14
       Iron Shot         |       |       |       |       |    19 |    33 ||    52
Invok: Curse Item        |       |     1 |     5 |     1 |       |     1 ||     8
       Shatter the Chain |       |       |       |       |       |     1 ||     1
  Use: Scroll            |       |     1 |       |     2 |     1 |     1 ||     5
       Potion            |       |       |       |       |     3 |     1 ||     4
 Stab: Sleeping          |       |     1 |       |       |     2 |       ||     3
       Distracted        |       |       |       |     1 |     3 |       ||     4
Armor: Robe              |     5 |    20 |    28 |    12 |    40 |    14 ||   119
Dodge: Dodged            |    23 |    50 |    38 |    37 |   299 |    68 ||   515

Table legend: (Time is in decaauts)
 A = Elapsed time spent in this place.
 B = Non-inter-level travel time spent in this place.
 C = Inter-level travel time spent in this place.
 D = Time resting spent in this place.
 E = Time spent auto-exploring this place.
 F = Levels seen in this place.
 G = Mean time per level.
                   A        B        C        D        E       F      G
               +--------+--------+--------+--------+--------+-----+--------+
         Total |  21041 |  20019 |   1022 |   1016 |  14923 |  28 |  751.5 |
       Dungeon |  12375 |  11740 |    635 |    738 |   8711 |  15 |  825.0 |
          Lair |   5319 |   5091 |    228 |     51 |   4016 |   6 |  886.5 |
         Swamp |   2025 |   1982 |     43 |    227 |   1331 |   4 |  506.2 |
  Orcish Mines |   1228 |   1112 |    116 |      0 |    807 |   2 |  614.0 |
      Ice Cave |     92 |     92 |      0 |      0 |     58 |   1 |   92.0 |
               +--------+--------+--------+--------+--------+-----+--------+

Top non-repeatable levels by time:
    D:11: 1197 daAuts
  Lair:6: 1145 daAuts
     D:1: 1123 daAuts
     D:2: 1020 daAuts
  Lair:4: 939 daAuts
    D:10: 935 daAuts
    D:15: 916 daAuts
  Lair:5: 900 daAuts
     D:8: 879 daAuts
     D:6: 870 daAuts
  Lair:2: 866 daAuts
    D:12: 839 daAuts
   Orc:2: 818 daAuts
     D:5: 791 daAuts
     D:9: 781 daAuts
